AoeStats
← Mắt Mờ Tay Rung

Arabia

506085481Analyzed
1v1 RM · 19d ago on Sep 12, 2026· 44m 11s· 2 players
Game mode
Random Map
Map size
Tiny (2 player)
Population
200
Speed
Normal
Resources
Standard
Victory
Conquest
Starting age
Dark Age
Ending age
Imperial Age
RankedLock teamsTeams togetherTeam positionsShared explorationLock speedFull tech treeHidden civsTurbo modeCheats
Victory
Defeat
🇨🇿 Khitans · Czechia
736
+15
🇻🇳 Teutons · Vietnam
704
-15
jonascz87
7:52 Loom
9:57 Feudal Age
13:16 Domestication
23:41 Castle Age
22:04 Fletching
24:08 Forging
24:18 Crossbowman
24:57 Double-Bit Axe
26:50 Gold Mining
28:59 Iron Casting
32:54 Scale Barding Armor
34:09 Scale Mail Armor
35:03 Husbandry
37:39 Wheelbarrow
43:18 Imperial Age
41:07 Hand Cart
Mắt Mờ Tay Rung
10:30 Feudal Age
14:43 Bloodlines
17:11 Scale Barding Armor
18:46 Forging
23:27 Castle Age
22:21 Bloodlines
24:02 Elite Skirmisher
27:03 Horse Collar
32:01 Double-Bit Axe
32:20 Heavy Plow
34:06 Squires
33:52 Arson
34:34 Pikeman
37:12 Iron Casting
36:51 Gold Mining
38:26 Wheelbarrow
Connection lost

Rejoining the realm…

Still unreachable

The connection could not be restored.

Session expired

The server has moved on; the page needs a fresh start.